 Dungeon Crawl Stone Soup version 0.30-a0-883-g5ad918d77d (webtiles) character file.

Game seed: 13526496095945414645

70 Sanktem7 the Trooper (level 4, 0/40 HPs)
             Began as a Minotaur Fighter on Mar 16, 2023.
             Slain by a goblin
             ... wielding a +0 dagger
             ... led by Robin
              (2 damage)
             ... on level 3 of the Dungeon.
             The game lasted 00:02:28 (1665 turns).

Sanktem7 the Trooper (Minotaur Fighter)             Turns: 1665, Time: 00:02:28

Health: 0/40       AC:  7    Str: 23    XL:     4   Next: 3%
Magic:  3/3        EV:  9    Int:  5    God:
Gold:   93         SH:  4    Dex:  9    Spells: 3/3 levels left

rFire   . . .      SeeInvis .    a - +0 war axe {axe}
rCold   . . .      Faith    .    c - +0 buckler
rNeg    . . .      Spirit   .    b - +0 scale mail
rPois   .          Reflect  .    (helmet restricted)
rElec   .          Rampage  .    (no cloak)
rCorr   .                        (no gloves)
Will    .....                    (no boots) Stlth
                                 (no amulet)
HPRegen 0.26/turn                (no ring)
MPRegen 0.08/turn                (no ring)

@: lethally poisoned (0 -> -5)
A: horns 2, retaliatory headbutt
a: no special abilities


You were on level 3 of the Dungeon.
You visited 1 branch of the dungeon, and saw 3 of its levels.

You collected 93 gold pieces.


Innate Abilities, Weirdness & Mutations

You have a pair of horns on your head.
You reflexively headbutt those who attack you in melee.


   Skills:
 + Level 4.2 Fighting
 * Level 3.7 Axes
 + Level 4.2 Armour
 + Level 4.2 Shields


You had 3 spell levels left.
You didn't know any spells.
Your spell library contained the following spells:

 Spells                   Type           Power      Damage    Failure   Level
 Shock                    Conj/Air       0%         1d3       86%         1
 Swiftness                Air            0%         N/A       99%         3
 Airstrike                Air            0%         2d(0-16)  100%        4

Inventory:

Hand Weapons
 a - a +0 war axe (weapon) {axe}
Missiles
 f - 26 stones (quivered) {throwing}
 l - 2 javelins {throwing}
 v - 6 boomerangs {throwing}
Armour
 b - a +0 scale mail (worn)
 c - a +0 buckler (worn)
Jewellery
 k - a ring of fire
   (You found it on level 1 of the Dungeon)
Scrolls
 h - a scroll of amnesia {unknown}
 i - 3 scrolls of magic mapping {unknown}
 m - a scroll of blinking {unknown}
 p - a scroll of immolation {unknown}
 q - a scroll of enchant weapon {unknown}
 r - a scroll of fog {unknown}
 s - a scroll of teleportation {unknown}
 t - 2 scrolls of identify {unknown}
Potions
 d - a potion of might
 e - 2 potions of curing {unknown}
 g - 2 potions of mutation {unknown}
 j - 2 potions of brilliance {unknown}
 n - a potion of magic {unknown}
 o - 2 potions of heal wounds {unknown}
 u - a potion of resistance {unknown}
 w - a potion of flight {unknown}

Dungeon Overview and Level Annotations

Branches:
Dungeon (3/15) Zot: 16300

Altars:
Makhleb

Shops:
D:2 [

Annotations:
D:3 Robin

.###~~≈≈≈≈~~.~~≈≈w~~~
....~≈≈≈≈≈~)#≈≈≈≈≈≈#
.....~≈≈≈~.♣~.≈≈≈≈w#
#..≈≈≈≈†[[.~≈≈≈≈#.
###..~~~≈≈~~~~≈≈##
+......~≈≈≈~≈≈.##
###)g)..~~.~≈##..
#)g#.|##..## ##
#†@#..# #.# #.g#g.#
... #.....# #...
#.....# .. #..#..#
#..#... ...#..## ..##
.#


You could see Robin and 2 goblins.


Message History

2 goblins and a hobgoblin come into view.
The goblin shouts! x2
Robin throws the goblin at you!
A goblin comes into view. It is wielding a +2 dagger of draining.
The goblin hits you but does no damage. The goblin barely misses you. x2
Robin throws the goblin at you!
The goblin shouts!
The goblin hits you but does no damage.
You feel drained.
The goblin unwields a +0 club.
The goblin wields a +0 sling.
The goblin shoots a sling bullet.
The sling bullet hits you. 😮 HP[-2]
You now have 32 max hp (-1).
You take 2 damage, and now have 24/32 hp.
You closely miss the goblin. You slash the goblin!
You kill the goblin!
The goblin hits you but does no damage.
Robin says, "Duck!"
The goblin shoots a sling bullet.
You block the sling bullet. You block the goblin's attack.
The goblin hits you but does no damage.
Your life force feels restored.
You now have 33 max hp (+1).
You hit the goblin.
You kill the goblin!
You barely miss the goblin. You closely miss the goblin.
The goblin closely misses you.
The goblin hits you with a +0 dagger. 😮 HP[-2]
You take 2 damage, and now have 22/33 hp.
You barely miss the goblin. You closely miss the goblin. x2
You slash the dart slug! You barely miss the goblin.
The goblin hits you but does no damage. x2; Robin throws the goblin at you!
The goblin hits you but does no damage.
The goblin unwields a +0 sling.
The goblin wields a +0 club.
The goblin completely misses you. The dart slug closely misses you.
You furiously retaliate!
You headbutt the dart slug!
You kill the dart slug! 😮 HP[+1]
You barely miss the goblin. Your headbutt misses the goblin.
You hit the goblin.
You kill the goblin!
You hit the goblin. You closely miss the goblin.
Robin hits you but does no damage. The goblin barely misses you.
You block the goblin's attack. The goblin hits you but does no damage.
Robin closely misses you. The goblin hits you but does no damage.
The goblin barely misses you. x2; The hobgoblin closely misses you.
You furiously retaliate!
You headbutt the hobgoblin. You barely miss the goblin.
Your headbutt misses the goblin. You hit the hobgoblin. You hit the goblin.
You kill the goblin!
You hit the hobgoblin. You barely miss the goblin. You closely miss the goblin.
Robin roars a battlecry!
The goblins go into a battle-frenzy!
The goblin hits you but does no damage. The hobgoblin hits you.
You block the hobgoblin's attack.
The goblin hits you but does no damage. 😮 HP[-3]
You take 3 damage, and now have 20/33 hp.
You closely miss the goblin. You headbutt the goblin.
You kill the goblin!
You completely miss the goblin. You hit the hobgoblin.
You kill the hobgoblin!
You barely miss the goblin. x2; You closely miss the hobgoblin.
Robin hits you from afar with a +2 spear of venom.
* * * LOW HITPOINT WARNING * * *
The goblin hits you with a +0 dagger.
* * * LOW HITPOINT WARNING * * *
You block the goblin's attack.
The hobgoblin hits you but does no damage.
The goblin hits you but does no damage.
You have reached level 4!
You feel stronger. 😨 HP[-5] MP[+1]
You now have 40 max hp (+7).
Your mp is fully restored (3).
You barely miss the hobgoblin. You hit the goblin. x2
You barely miss the goblin. The goblin hits you but does no damage.
The goblin hits you with a +0 dagger.
* * * LOW HITPOINT WARNING * * *
The goblin hits you but does no damage. You block Robin's attack.
The hobgoblin closely misses you. The goblin barely misses you.
The goblin hits you but does no damage. The hobgoblin completely misses you.
You furiously retaliate!
You headbutt the hobgoblin.
You kill the hobgoblin!
You block Robin's attack. The goblin hits you with a +0 dagger.
* * * LOW HITPOINT WARNING * * *
😨 HP[-4]
You take 4 damage, and now have 11/40 hp.
Robin hits you with a +2 spear of venom.
* * * LOW HITPOINT WARNING * * *
You are poisoned.
The goblin hits you with a +0 dagger.
* * * LOW HITPOINT WARNING * * *
Things that are here:
a +0 club {mace}; a +0 chain mail; 😱 HP[-6]
You take 6 damage, and now have 5/40 hp.
You closely miss Robin. You headbutt Robin, but do no damage.
You hit the goblin but do no damage. You hit the goblin.
You kill the goblin!
* * * LOW HITPOINT WARNING * * *
You feel very sick. The goblin hits you with a +0 dagger.
You die...

Skill      XL: |  1  2  3 |
---------------+----------+-----
Axes           | 3 |  3.7
Armour         | 4 |  4.2
Shields        | 4 |  4.2
Fighting       | 4 |  4.2

Action                     |  1- 3 |  4- 6 || total
---------------------------+-------+-------++-------
  Melee: War axe           |    81 |     2 ||    83
         Headbutt          |    10 |     1 ||    11
 Armour: Scale mail        |    62 |     3 ||    65
  Dodge: Dodged            |    44 |     3 ||    47
  Block: Buckler           |    17 |     2 ||    19

Levels and vault maps discovered:
D:1:      dpeg_arrival_lava_altar, layout_rooms
D:2:      layout_basic, serial_shops, shop,
          chequers_ecumenical_altar_simple_redux,
          nicolae_concentric_dashed_squares_wild, nrook_uturn
D:3:      kennysheep_slugbush, layout_basic, mainiacjoe_overflow_catch_the_wave,
          cheibrodos_sewer_entry_sluice, serial_shops, shop, uniq_robin

Notes
Turn   | Place    | Note
-------+----------+-------------------------------------------
     0 | D:1      | Sanktem7 the Minotaur Fighter began the quest for the Orb.
     0 | D:1      | Reached XP level 1. HP: 19/19 MP: 0/0
     0 | D:1      | magus.rc [v1.9.6]
    70 | D:1      | Reached XP level 2. HP: 26/27 MP: 1/1
   109 | D:1      | Reached skill level 3 in Axes
   330 | D:1      | You pick up a book of Air and begin reading...
   330 | D:1      | You add the spells Shock, Swiftness and Airstrike to your
                  | library.
   545 | D:1      | Found a burning altar of Makhleb.
   619 | D:2      | Reached skill level 4 in Armour
   619 | D:2      | Reached skill level 4 in Shields
   619 | D:2      | Reached XP level 3. HP: 24/33 MP: 2/2
   791 | D:2      | Reached skill level 4 in Fighting
   802 | D:2      | Found Xiar Uco's Antique Armour Boutique.
   882 | D:2      | Found a faded altar of an unknown god.
  1654 | D:3      | Noticed Robin
  1663 | D:3      | Reached XP level 4. HP: 15/40 MP: 3/3
  1664 | D:3      | HP: 10/40 [Robin/+2 spear of venom (1)]
  1665 | D:3      | HP: 2/40 [poisoned by Robin]
  1665 | D:3      | Slain by a goblin

Vanquished Creatures
  An adder (D:2)
  5 dart slugs
  A bat (D:1)
  3 endoplasms
  3 giant cockroaches
  10 goblins
  6 hobgoblins
  2 jackals (D:2)
  A quokka (D:1)
  6 ball pythons
  2 frilled lizards
  5 kobolds
  4 rats (D:1)
49 creatures vanquished.

Table legend:
 A = Non-vault XP
 B = Vault XP
 C = Vault XP percentage of total XP
 D = Non-vault monster count
 E = Vault monster count
 F = Vault count percentage of total count
                 A         B        C        D         E       F
            +---------+---------+-------+---------+---------+-------
      Total |      76 |      25 |  24.8 |      38 |      11 |  22.4
            +---------+---------+-------+---------+---------+-------
        D:1 |      28 |       0 |   0.0 |      17 |       0 |   0.0
        D:2 |      47 |       0 |   0.0 |      20 |       0 |   0.0
        D:3 |       1 |      25 |  96.2 |       1 |      11 |  91.7
            +---------+---------+-------+---------+---------+-------

Illustrated notes

Table legend:
 A = Kills in this place as a percentage of kills in the entire game.
 B = Kills by you in this place as a percentage of kills by you in the entire game.
 C = Kills by friends in this place as a percentage of kills by friends in the entire game.
 D = Other kills in this place as a percentage of other kills in the entire game.
 E = Experience gained in this place as a percentage of experience gained in the entire game.
 F = Experience gained in this place divided by the number of levels of this place that you have seen.
                   A       B       C       D       E      F
               +-------+-------+-------+-------+-------+----------------------
         Total | 100.0 | 100.0 |   N/A |   N/A | 100.0 |  33.7
       Dungeon | 100.0 | 100.0 |   N/A |   N/A | 100.0 |  33.7
               +-------+-------+-------+-------+-------+----------------------

Table legend: (Time is in decaauts)
 A = Elapsed time spent in this place.
 B = Non-inter-level travel time spent in this place.
 C = Inter-level travel time spent in this place.
 D = Time resting spent in this place.
 E = Time spent auto-exploring this place.
 F = Levels seen in this place.
 G = Mean time per level.
                   A        B        C        D        E       F      G
               +--------+--------+--------+--------+--------+-----+--------+
         Total |   1697 |   1635 |     62 |      0 |   1390 |   3 |  565.7 |
       Dungeon |   1697 |   1635 |     62 |      0 |   1390 |   3 |  565.7 |
               +--------+--------+--------+--------+--------+-----+--------+

Top non-repeatable levels by time:
     D:2: 1054 daAuts
     D:1: 612 daAuts
     D:3: 30 daAuts
